cohdb
Replays
Latest Replays
All Replays
Popular Replays
Top Player Replays
Match Explorer
How It Works
Community
CoH3 Stats
Reddit
Sign in to upload your games and track your stats! →
Sign in with Steam
Match 43667651
Unlisted
Match 43667651
Overview
Messages
Build Orders
End
Construct Infanterie Kompanie
Selects Breakthrough Battlegroup
Grenadier Squad
Selects Assault Grenadiers
Grenadier Squad
GrW 34 Mortar Team
Grenadier Squad
Medical Station
MG 42 Machine Gun Team
Construct Panzergrenadier Kompanie
Pak 40 Anti-tank Gun Team
Selects Breakthrough
Selects Incendiary Bombing Run
Construct Panzer Kompanie
Stoßtruppen Squad
Selects 2.5-tonne Cargo Truck
Incendiary Bombing Run
Stoßtruppen Squad
pijin
Eki2
ConcernedApe
badiba
0
0
Comments
sign in to comment!
No comments posted yet!